 Dungeon Crawl Stone Soup version 0.32-a0-558-g233958a4c4 (webtiles) character file.

Game seed: 15523517542821203071

553 seren the Slasher (level 7, -1/53 HPs)
             Began as a Coglin Gladiator on Feb 29, 2024.
             Slain by a gnoll sergeant
             ... wielding a +0 spear
              (9 damage)
             ... in the Ecumenical Temple.
             The game lasted 00:06:06 (3334 turns).

seren the Slasher (Coglin Gladiator)                Turns: 3334, Time: 00:06:07

Health: -1/53      AC:  5    Str: 16    XL:     7   Next: 29%
Magic:  7/7        EV: 13    Int:  8    God:
Gold:   257        SH:  0    Dex: 15    Spells: 6/6 levels left

rFire   . . .        a - +0 long sword {Suphaphon}
rCold   . . .        k - +0 falchion {Svenja}
rNeg    . . .        b - +0 leather armour
rPois   .            c - +0 helmet
rElec   .            i - +0 cloak
rCorr   .            (no gloves)
SInv    .            (no boots)
Will    .....        (amulet unavailable)
Stlth   +            (ring unavailable)
HPRegen 0.28/turn    (ring unavailable)
MPRegen 0.10/turn    (no gizmo)

%: no passive effects
@: revved
A: off-hand wielding, slow wielding, warmup strikes, no jewelry
a: Invent Gizmo


You were in the Ecumenical Temple.
You visited 2 branches of the dungeon, and saw 6 of its levels.

You collected 257 gold pieces.

Inventory:

Hand Weapons
 a - a +0 long sword (weapon) {Suphaphon}
 k - a +0 falchion (offhand) {Svenja}
Missiles
 d - 2 throwing nets (quivered) {!f}
 e - a javelin
 r - 4 poisoned darts
 s - a boomerang
Armour
 b - a +0 leather armour (worn)
 c - a +0 helmet (worn)
 i - a +0 cloak (worn)
Wands
 v - a wand of polymorph (1)
Scrolls
 g - a scroll of enchant armour {unknown}
 h - a scroll of identify {unknown}
 l - a scroll of teleportation {unknown}
 m - a scroll of fear
 n - a scroll of acquirement {unknown}
 o - 3 scrolls of immolation
Potions
 j - a potion of haste {unknown}
 p - 3 potions of curing {unknown}
 q - a potion of heal wounds {unknown}
 t - a potion of enlightenment {unknown}


   Skills:
 + Level 3.8 Fighting
 * Level 4.5 Long Blades
 + Level 3.4 Throwing
 + Level 2.5 Armour
 + Level 4.0 Dodging
 * Level 1.3 Evocations


You had 6 spell levels left.
You didn't know any spells.
Your spell library contained the following spells:

 Spells                   Type           Power      Damage    Failure   Level
 Stone Arrow              Conj/Erth      0%         3d7       83%         3
 Animate Armour           Summ/Erth      0%         N/A       99%         4
 Lehudib's Crystal Spear  Conj/Erth      0%         10d2      100%        8


Dungeon Overview and Level Annotations

Branches:
Dungeon (5/15)             Temple (1/1) D:5

Altars:
Elyvilon
Fedhas
Kikubaaqudgha
Makhleb
Trog
Uskayaw
Wu Jian
Xom
Yredelemnul
Zin
The Shining One


Innate Abilities, Weirdness & Mutations

You can wield a second weapon in your off-hand.
It takes a long time for you to wield or remove held weapons.
Your first few attacks do less damage.
You cannot equip rings or amulets.


Message History

You see here a +0 spear.
The gnoll sergeant shouts!
A gnoll comes into view. It is wielding a +0 flail.
A gnoll comes into view. It is wielding a +0 halberd.
The gnoll sergeant hits you with a +0 spear.
There is a staircase to the Ecumenical Temple, spattered with blood here.
The gnoll sergeant hits you with a +0 spear.
The gnoll hits you from afar with a +0 halberd!
* * * LOW HITPOINT WARNING * * *
The gnoll shouts!
You climb downwards.
Welcome to the Ecumenical Temple!
Found a staircase back to the Dungeon.
There is a staircase back to the Dungeon here.
You hit the gnoll sergeant but do no damage.
You closely miss the gnoll sergeant with your +0 falchion.
The gnoll sergeant hits you with a +0 spear!
* * * LOW HITPOINT WARNING * * *
The gnoll sergeant closely misses you.
You hit the gnoll sergeant but do no damage.
You barely miss the gnoll sergeant with your +0 falchion.
The gnoll sergeant misses you.
You hit the gnoll sergeant with your +0 long sword.
The gnoll sergeant is moderately wounded.
You hit the gnoll sergeant but do no damage.
The gnoll sergeant barely misses you.
You hit the gnoll sergeant but do no damage.
The gnoll sergeant is moderately wounded.
You hit the gnoll sergeant but do no damage.
The gnoll sergeant hits you with a +0 spear!
* * * LOW HITPOINT WARNING * * *
You closely miss the gnoll sergeant with your +0 falchion.
The gnoll sergeant is moderately wounded.
You hit the gnoll sergeant with your +0 long sword.
The gnoll sergeant hits you with a +0 spear.
* * * LOW HITPOINT WARNING * * *
You hit the gnoll sergeant but do no damage.
The gnoll sergeant is moderately wounded.
You barely miss the gnoll sergeant with your +0 long sword.
The gnoll sergeant hits you with a +0 spear!
You die...

#########################
................@.......#
##+#############g.#####.#
#..#...#....#..#..#...#.#
#_.#._.#....#..+..#._.#.#
####...#+#######..+...#.#
#_.#...#.#..#..#.######.#
#..#+###.#..#._#.#..._#.#
#+##..⌠..#+##..#.#....#.#
............##+#.#....#.#


You could see a gnoll sergeant.

Vanquished Creatures
  Edmund (D:4)
  A black bear (D:4)
  A scorpion (D:4)
  A hound (D:4)
  An orc priest (D:3)
  2 orc wizards
  3 gnolls
  5 adders
  4 dart slugs
  3 ribbon worms (D:2)
  7 orcs
  2 bats (D:1)
  8 endoplasms
  2 giant cockroaches (D:2)
  7 goblins
  5 hobgoblins
  10 jackals
  3 quokkas
  6 ball pythons
  3 frilled lizards
  7 kobolds
  3 rats
85 creatures vanquished.

Notes
Turn   | Place    | Note
-------+----------+-------------------------------------------
     0 | D:1      | seren the Coglin Gladiator began the quest for the Orb.
     0 | D:1      | Reached XP level 1. HP: 16/16 MP: 1/1
    41 | D:1      | Reached XP level 2. HP: 22/22 MP: 2/2
   242 | D:1      | Reached XP level 3. HP: 24/28 MP: 3/3
   868 | D:2      | Reached skill level 1 in Armour
   868 | D:2      | Reached XP level 4. HP: 34/34 MP: 4/4
  1341 | D:3      | Reached XP level 5. HP: 24/40 MP: 5/5
  2383 | D:4      | Noticed a black bear
  2394 | D:4      | Killed a black bear
  2395 | D:4      | Reached XP level 6. HP: 47/47 MP: 6/6
  2659 | D:4      | Noticed Edmund
  2688 | D:4      | Killed Edmund
  2689 | D:4      | Reached XP level 7. HP: 25/53 MP: 7/7
  2926 | D:4      | Reached skill level 1 in Evocations
  3258 | D:5      | Entered Level 5 of the Dungeon
  3277 | D:5      | Found a staircase to the Ecumenical Temple.
  3328 | Temple   | Entered the Ecumenical Temple
  3334 | Temple   | Slain by a gnoll sergeant

Illustrated notes

Levels and vault maps discovered:
D:1:      dpeg_arrival_tiny_h, layout_rooms
D:2:      layout_loops_cross
D:3:      layout_basic
D:4:      minmay_inner_zag, layout_gridville, hex_tiny, minivault_26,
          uniq_edmund
D:5:      layout_loops_ring, mainiacjoe_overflow_alcove_2,
          minmay_temple_entry_overgrown, serial_rivers,
          chequers_serial_rivers_micro_d, chequers_serial_rivers_room_a,
          chequers_serial_rivers_large_a, chequers_serial_rivers_small_3,
          chequers_serial_rivers_micro_a, chequers_serial_rivers_micro_d,
          serial_shops, shop, serial_bayou_pond_d, st_stairs_3,
          minmay_manual_mess, uniq_ijyb, uniq_eustachio, uniq_duvessa
Temple:   bh_familiar_temple

Skill      XL: |  1  2  3  4  5  6  7 |
---------------+----------------------+-----
Throwing       | 2 3 |  3.4
Dodging        | 3 4 |  4.0
Armour         | 1 2 |  2.5
Fighting       | 3 |  3.8
Long Blades    | 4 |  4.5
Evocations     | 1 |  1.3

Action                     |  1- 3 |  4- 6 |  7- 9 || total
---------------------------+-------+-------+-------++-------
  Melee: Long sword        |    66 |   110 |    28 ||   204
         Falchion          |    32 |   104 |    29 ||   165
  Throw: Dart              |       |    11 |       ||    11
         Throwing net      |       |     1 |       ||     1
    Use: Scroll            |       |     1 |     3 ||     4
   Stab: Sleeping          |     1 |     1 |       ||     2
         Held in net/web   |       |     2 |       ||     2
 Armour: Leather armour    |    50 |    79 |    22 ||   151
  Dodge: Dodged            |    63 |    86 |    22 ||   171

Table legend: (Time is in decaauts)
 A = Elapsed time spent in this place.
 B = Non-inter-level travel time spent in this place.
 C = Inter-level travel time spent in this place.
 D = Time resting spent in this place.
 E = Time spent auto-exploring this place.
 F = Levels seen in this place.
 G = Mean time per level.
                   A        B        C        D        E       F      G
               +--------+--------+--------+--------+--------+-----+--------+
         Total |   3373 |   3232 |    141 |    475 |   2031 |   6 |  562.2 |
       Dungeon |   3366 |   3225 |    141 |    475 |   2031 |   5 |  673.2 |
        Temple |      6 |      6 |      0 |      0 |      0 |   1 |    6.0 |
               +--------+--------+--------+--------+--------+-----+--------+

Top non-repeatable levels by time:
     D:4: 1440 daAuts
     D:2: 748 daAuts
     D:1: 614 daAuts
     D:3: 506 daAuts
     D:5: 56 daAuts
  Temple: 6 daAuts
